 Dungeon Crawl Stone Soup version 0.21.1-1-g345015f (webtiles) character file.

1530 prawnwizard the Insei (level 8, -2/48 HPs)
             Began as an Octopode Transmuter on July 23, 2018.
             Slain by an orc warrior
             ... wielding a +0 long sword
              (14 damage)
             ... on level 5 of the Dungeon.
             The game lasted 00:09:53 (7495 turns).

prawnwizard the Insei (Octopode Transmuter)         Turns: 7495, Time: 00:09:53

Health: -2/48      AC:  2    Str:  9    XL:     8   Next: 85%
Magic:  12/15      EV: 24    Int: 15    God:
Gold:   332        SH:  0    Dex: 20    Spells: 1/16 levels left

rFire    . . .     SeeInvis .     - Unarmed
rCold    . . .     Gourm    .   (shield currently unavailable)
rNeg     . . .     Faith    .   (helmet currently unavailable)
rPois    x         Spirit   .   (no amulet)
rElec    .         Reflect  .   (no ring)
rCorr    .         Harm     .   (no ring)
MR       .....                  (no ring)
Stlth    ++........             (no ring)
HPRegen  0.16/turn              (no ring)
MPRegen  0.14/turn              (no ring)
                                (no ring)
                                (no ring)

@: spider-form
A: tiny, almost no armour, stealthy swim, (amphibious), 8 rings, (constrict 8)
a: End Transformation


You were on level 5 of the Dungeon.
You were not hungry.
You were a venomous arachnid creature.
You visited 1 branch of the dungeon, and saw 6 of its levels.

You collected 332 gold pieces.

Inventory:

Missiles
 a - 38 arrows
Wands
 f - a wand of digging (21)
 g - a wand of flame (31)
 l - a wand of enslavement (16)
 p - a wand of iceblast (5)
 v - a wand of disintegration (18)
Scrolls
 d - a scroll of amnesia
 i - a scroll of remove curse
 o - a scroll of magic mapping
 s - 2 scrolls of identify
Potions
 e - a potion of flight
 h - 2 potions of brilliance
 j - 2 potions of haste
 k - a potion of might
 m - a potion of lignification {unknown}
 n - 7 potions of curing
 q - a potion of invisibility {unknown}
 r - a potion of mutation
 t - a potion of heal wounds {unknown}
 u - a potion of degeneration {unknown}
Books
 b - a book of Changes

   Spells                             Type                      Level
   a - Beastly Appendage              Transmutation                1
   b - Sticks to Snakes               Transmutation                2
   c - Spider Form                    Transmutation/Poison         3
   d - Ice Form                       Ice/Transmutation            4
   e - Blade Hands                    Transmutation                5
Comestibles
 c - 8 rations


   Skills:
 - Level 1.0 Fighting
 + Level 5.1 Dodging
 * Level 7.5 Unarmed Combat
 + Level 4.7 Spellcasting
 + Level 5.1 Transmutations


You had one spell level left.
You knew the following spells:

 Your Spells              Type           Power        Failure   Level  Hunger
a - Beastly Appendage     Tmut           ###...       8%          1    None
b - Sticks to Snakes      Tmut           ###.....     11%         2    ##.....
c - Spider Form           Tmut/Pois      ##........   36%         3    ###....
d - Ice Form              Ice/Tmut       ##......     71%         4    ####...
e - Blade Hands           Tmut           ###.......   71%         5    ######.


Dungeon Overview and Level Annotations

Branches:
Dungeon (6/15)
 Temple: D:4-7

Altars:

Shops:
D:6 (


Innate Abilities, Weirdness & Mutations

You cannot wear most types of armour.
You are very stealthy in the water. (Stealth+)
((You are amphibious.))
You can wear up to eight rings at the same time.
((You can use your tentacles to constrict eight enemies at once.))
((Your skin changes colour to match your surroundings (Stealth+).))
((Your rubbery body absorbs attacks. (AC +1, EV +1)))


Message History

Casting: Beastly Appendage
Confirm with . or Enter, or press ? or * to list all spells.
You turn into a venomous arachnid creature.
The orc warrior misses you.
You hit the orc warrior but do no damage.
The orc warrior is poisoned.
You are no longer corroded.
The orc warrior closely misses you.
You hit the orc warrior but do no damage.
The orc warrior is lightly wounded.
The orc warrior hits you with a long sword!
* * * LOW HITPOINT WARNING * * *
You hit the orc warrior but do no damage.
The orc warrior looks even sicker.
The orc warrior is lightly wounded.
You hit the orc warrior but do no damage.
The orc warrior looks as sick as possible!
The orc warrior is lightly wounded.
The orc warrior hits you with a long sword!
You die...

#........###.......#^.........
#...###...#.<#######.###...###
####...# ##.....#####...###...#
#....#.# #>..............##...#
..##.#.# #..###.#####.#......##
###....###..#.....#...#.....###
......................[.......##
#......#####...o........#..##..#
..####.# #....s.....>.##.###.#
..# #.#####............##...#.#
#.####.##...............####.#.#
#.##..........#...#...#.# #...#
#................######.# ###.#
#..##..........#.# #.######.#
##..#.......#.#..# #.#...##.##
>..........##.#.## #.#...##..#
...........##...#######.#...##..#


You could see an orc warrior.

Vanquished Creatures
  Sigmund (D:4)
  Menkaure (D:4)
  A sky beast (D:4)
  An ice beast (D:5)
  A phantom (D:5)
  A bullfrog (D:4)
  2 scorpions
  The ghost of dolphindude5238 the Magician, a weakling DgWn (D:3)
  A howler monkey (D:2)
  3 crimson imps
  A centaur skeleton (D:5)
  2 jellies (D:6)
  An orc priest (D:3)
  A bullfrog skeleton (D:4)
  Natasha (thrice) (D:4)
  An orc wizard (D:4)
  4 worker ants
  A hound zombie (D:5)
  2 howler monkey skeletons
  Robin (D:3)
  3 gnolls (D:4)
  11 adders
  2 oozes
  2 worms
  2 dart slugs
  A leopard gecko (D:1)
  17 orcs
  3 ball pythons
  7 giant cockroaches
  9 goblins
  11 hobgoblins
  A jackal (D:2)
  4 kobolds
  3 quokkas
  7 bats
  3 frilled lizards
  A quokka skeleton (D:5)
  3 rats
120 creatures vanquished.

Notes
Turn   | Place    | Note
-------+----------+-------------------------------------------
     0 | D:1      | prawnwizard the Octopode Transmuter began the quest for the Orb.
     0 | D:1      | Reached XP level 1. HP: 13/13 MP: 3/3
   186 | D:1      | Reached XP level 2. HP: 17/18 MP: 5/5
   735 | D:2      | Reached XP level 3. HP: 3/23 MP: 6/6
  1592 | D:2      | Reached XP level 4. HP: 17/28 MP: 7/7
  2008 | D:2      | Reached skill level 4 in Unarmed Combat
  2088 | D:2      | Reached XP level 5. HP: 26/33 MP: 8/8
  2376 | D:2      | HP: 1/33 [poisoned by a scorpion]
  2664 | D:2      | Learned a level 2 spell: Sticks to Snakes
  2668 | D:2      | Learned a level 3 spell: Spider Form
  2837 | D:3      | Noticed dolphindude5238's ghost (weakling DgWn)
  2851 | D:3      | Killed dolphindude5238's ghost
  2851 | D:3      | Reached XP level 6. HP: 33/38 MP: 1/10
  3157 | D:3      | Noticed Robin
  3167 | D:3      | Killed Robin
  3636 | D:3      | Reached skill level 5 in Unarmed Combat
  4279 | D:4      | Noticed Sigmund
  4305 | D:4      | Killed Sigmund
  4305 | D:4      | Reached XP level 7. HP: 10/43 MP: 2/12
  4627 | D:4      | Reached skill level 6 in Unarmed Combat
  4719 | D:4      | Noticed Menkaure
  4748 | D:4      | HP: 2/43 [Menkaure/nerve-wracking pain (9)]
  4750 | D:4      | Killed Menkaure
  4750 | D:4      | Reached XP level 8. HP: 1/48 MP: 7/14
  5458 | D:4      | Noticed Natasha
  5717 | D:3      | Learned a level 4 spell: Ice Form
  5723 | D:3      | Learned a level 5 spell: Blade Hands
  6035 | D:4      | Killed Natasha
  6136 | D:4      | Noticed Natasha
  6141 | D:4      | Killed Natasha
  6238 | D:4      | Noticed Natasha
  6249 | D:4      | Killed Natasha
  6262 | D:5      | Entered Level 5 of the Dungeon
  6567 | D:5      | Reached skill level 7 in Unarmed Combat
  6783 | D:5      | Reached skill level 5 in Dodging
  7021 | D:5      | Reached skill level 5 in Transmutations
  7380 | D:6      | Found Paeqacha's Antique Weapon Shop.
  7495 | D:5      | Slain by an orc warrior

Skill      XL: |  1  2  3  4  5  6  7  8 |
---------------+-------------------------+-----
Unarmed Combat | 4 5 6 7 |  7.5
Dodging        | 3 4 5 |  5.1
Transmutations | 3 4 5 |  5.1
Spellcasting   | 3 4 |  4.7
Fighting       | |  1.0

Action                   |  1- 3 |  4- 6 |  7- 9 || total
-------------------------+-------+-------+-------++-------
Melee: Unarmed           |    64 |   155 |   174 ||   393
       Constrict         |    17 |    32 |    18 ||    67
       Tentacles         |     9 |    27 |    21 ||    57
       Punch             |     1 |     3 |     3 ||     7
       Kick              |       |     5 |    19 ||    24
 Cast: Beastly Appendage |       |     5 |     8 ||    13
       Spider Form       |       |     4 |    10 ||    14
  Use: Scroll            |       |       |    11 ||    11
 Stab: Sleeping          |     7 |     9 |     4 ||    20
  Eat: Chunk             |     2 |     9 |     5 ||    16
       Ration            |       |       |     2 ||     2
Armor: Skin              |     4 |     4 |     2 ||    10
Dodge: Dodged            |    41 |    94 |    97 ||   232
